 Dungeon Crawl Stone Soup version 0.28.0 (webtiles) character file.

Game seed: 8496215234653307538

16 horus123 the Magician (level 2, -4/19 HPs)
             Began as a Demonspawn Wanderer on Feb 15, 2022.
             Frozen to death by an endoplasm (5 damage)
             ... on level 1 of the Dungeon.
             The game lasted 00:01:43 (911 turns).

horus123 the Magician (Demonspawn Wanderer)          Turns: 911, Time: 00:01:44

Health: -4/19      AC:  3    Str: 11    XL:     2   Next: 37%
Magic:  6/6        EV: 11    Int: 12    God:
Gold:   45         SH:  0    Dex: 14    Spells: 7/8 levels left

rFire   . . .      SeeInvis .   a - +1 quarterstaff
rCold   . . .      Faith    .   (shield currently unavailable)
rNeg    . . .      Spirit   .   d - +1 robe
rPois   .          Reflect  .   (no helmet)
rElec   .          Harm     .   (no cloak)
rCorr   .          Rampage  .   (no gloves)
Will    .....                   (no boots)
Stlth   +.........              (no amulet)
HPRegen 0.06/turn               (no ring)
MPRegen 0.10/turn               (no ring)

@: no status effects
A: weakness stinger 1
a: no special abilities


You were on level 1 of the Dungeon.
You visited 1 branch of the dungeon, and saw 1 of its levels.

You collected 45 gold pieces.

Inventory:

Hand Weapons
 a - a +1 quarterstaff (weapon)
 c - a +0 dagger
Missiles
 b - 10 poisoned darts
Armour
 d - a +1 robe (worn)
Jewellery
 f - a +6 ring of dexterity
Scrolls
 e - a scroll of teleportation {unknown}


   Skills:
 - Level 1.7 Staves
 - Level 1.0 Throwing
 - Level 1.0 Armour
 + Level 3.7 Spellcasting
 - Level 2.0 Summonings
 - Level 1.0 Evocations


You had 7 spell levels left.
You knew the following spells:

 Your Spells              Type           Power      Damage    Failure   Level
a - Summon Small Mammal   Summ           28%        N/A       10%         1

Your spell library contained the following spells:

 Spells                   Type           Power      Damage    Failure   Level
 Summon Ice Beast         Ice/Summ       4%         N/A       83%         4
 Summon Lightning Spire   Summ/Air       4%         N/A       83%         4


Dungeon Overview and Level Annotations

Branches:
Dungeon (1/15)

Altars:

Shops:
D:1 [


Innate Abilities, Weirdness & Mutations

You have a small tail.


Message History

A ball python is nearby!
You hit the ball python.
You kill the ball python!
No target in view!
You now have 37 gold pieces (gained 7).
You now have 45 gold pieces (gained 8).
An endoplasm comes into view.
The endoplasm quivers.
An endoplasm is nearby!
A ball python comes into view.
The endoplasm closely misses you.
You barely miss the endoplasm.
You tail-slap the endoplasm, but do no damage.
The ball python misses you. The ball python grabs you.
The ball python constricts you. The endoplasm freezes you.
You are frozen.
You barely miss the ball python. The ball python bites you.
The ball python constricts you. The endoplasm freezes you.
You are frozen.
You are too injured to fight recklessly!
You are too injured to fight recklessly!
The ball python's grasp on you weakens, but your attempt to escape fails.
The ball python bites you. The ball python constricts you.
The endoplasm hits you.
* * * LOW HITPOINT WARNING * * *
The ball python bites you.
* * * LOW HITPOINT WARNING * * *
The ball python constricts you.
You escape the ball python's grasp.
You hit the endoplasm.
The endoplasm is heavily wounded.
The endoplasm hits you.
* * * LOW HITPOINT WARNING * * *
You barely miss the endoplasm.
The endoplasm is heavily wounded.
The endoplasm freezes you.
You are frozen.
You die...

.......##.##**+*************,*
............,..,,,,,,,,,,,,*,*
...........#*#.***********,*,*
)..........# #.* *,*,*
...####....###.# *,*,*
...##..........# *,*,**
...##..........# *,,,,*
#+###..........#### ******
#........#....SJ@.##
#........####..##..##
#..........#.#.#....#
#.........##)###..#.#
#........#.[#..#....#
#....#.#†###)##..##.#
######...#.#.#)..##.####### *
#..##..####..........#
######.........#.##.#####.#


You could see an endoplasm and a ball python.

Vanquished Creatures
  A bat (D:1)
  2 giant cockroaches (D:1)
  A goblin (D:1)
  2 jackals (D:1)
  A kobold (D:1)
  2 quokkas (D:1)
  3 ball pythons (D:1)
  A frilled lizard (D:1)
13 creatures vanquished.

Vanquished Creatures (collateral kills)
  A rat (D:1)
1 creature vanquished.

Grand Total: 14 creatures vanquished

Notes
Turn   | Place    | Note
-------+----------+-------------------------------------------
     0 | D:1      | horus123 the Demonspawn Wanderer began the quest for the
                  | Orb.
     0 | D:1      | horus123 set off with the following items: a +0
                  | quarterstaff, 10 poisoned darts, a +0 dagger, a +0 robe;
                  | and the following spell memorised: Summon Small Mammal; and
                  | the following spells available to memorise: Summon Ice
                  | Beast, Summon Lightning Spire
     0 | D:1      | Reached XP level 1. HP: 13/13 MP: 4/4
    52 | D:1      | Found Iporphen's Antique Armour Shoppe.
   147 | D:1      | Discovered your monstrous ancestry.
   147 | D:1      | Gained mutation: You have a small tail. [demonic ancestry]
   147 | D:1      | Reached XP level 2. HP: 4/19 MP: 4/6
   490 | D:1      | Found a faded altar of an unknown god.
   911 | D:1      | Frozen to death by an endoplasm

Illustrated notes

Levels and vault maps discovered:
D:1:      dpeg_arrival_refuge, layout_basic,
          hellmonk_ecumenical_altar_arch_garden, serial_shops, shop,
          amethyst_killhole, minmay_octomino_j4

Action                   || total
-------------------------++-------
Melee: Quarterstaff      ||    50
       Tailslap          ||     3
Throw: Dart              ||     1
 Cast: Summon Small Mamm ||     4
  Use: Scroll            ||     3
 Stab: Sleeping          ||     1
Armor: Robe              ||    17
Dodge: Dodged            ||    39
